 Dungeon Crawl Stone Soup version 0.30-a0-172-gc5509c9e31 (webtiles) character file.

Game seed: 7349410678321292604

1122 LnG the Sneak (level 8, -1/44 HPs)
             Began as a Kobold Summoner on Oct 1, 2022.
             Slain by a two-headed ogre
             ... wielding a +0 giant club
              (15 damage)
             ... on level 6 of the Dungeon.
             The game lasted 00:16:11 (6775 turns).

LnG the Sneak (Kobold Summoner)                     Turns: 6775, Time: 00:16:12

Health: -1/44      AC:  8    Str:  4    XL:     8   Next: 61%
Magic:  15/15      EV: 16    Int: 18    God:
Gold:   179        SH:  0    Dex: 16    Spells: 8/17 levels left

rFire   + . .      SeeInvis .    i - +0 dagger
rCold   . . .      Faith    .    (no shield)
rNeg    + . .      Spirit   .    a - +0 robe
rPois   +          Reflect  .    w - +0 helmet
rElec   .          Harm     .    g - +2 ratskin cloak {*Rats rPois rN+ Str-1 Int-1 Dex+1}
rCorr   .          Rampage  .    (no gloves)
Will    .....                    n - +1 pair of boots
Stlth   ++++......               l - amulet of magic regeneration
HPRegen 0.27/turn                y - ring of protection from fire
MPRegen 0.54/turn                (no ring)

@: no status effects
A: small, no large weapons, nightstalker 3
a: no special abilities


You were on level 6 of the Dungeon.
You visited 1 branch of the dungeon, and saw 6 of its levels.

You collected 269 gold pieces.
You spent 90 gold pieces at shops.

Inventory:

Hand Weapons
 i - a +0 dagger (weapon)
 z - the +8 spear of Chaos {speed, Fly rElec}
   (You took it off a gnoll on level 5 of the Dungeon)

   Attacks with this weapon are significantly faster.
   rElec:     It insulates you from electricity.
   Fly:       It grants you flight.
Armour
 a - a +0 robe (worn)
 g - the +2 ratskin cloak (worn) {*Rats rPois rN+ Str-1 Int-1 Dex+1}
   (You found it on level 5 of the Dungeon)

   When the wearer is hurt, rats may emerge from it to assist them.
   Str:       It affects your strength (-1).
   Int:       It affects your intelligence (-1).
   Dex:       It affects your dexterity (+1).
   rPois:     It protects you from poison.
   rN:        It protects you from negative energy.
 n - a +1 pair of boots (worn)
 w - a +0 helmet (worn)
Jewellery
 l - an amulet of magic regeneration (around neck)
 y - a ring of protection from fire (left hand)
Wands
 v - a wand of flame (17)
Scrolls
 c - 3 scrolls of teleportation
 f - a scroll of magic mapping
 j - 2 scrolls of fog {unknown}
 k - a scroll of fear {unknown}
 p - a scroll of poison {unknown}
 s - a scroll of enchant weapon {unknown}
 t - a scroll of immolation {unknown}
Potions
 b - a potion of magic
 d - 3 potions of attraction
 e - 4 potions of curing
 h - 4 potions of brilliance
 m - a potion of cancellation {unknown}
 o - a potion of mutation {unknown}
 q - 2 potions of lignification {unknown}
 r - 2 potions of heal wounds {unknown}
 u - a potion of invisibility {unknown}
 x - a potion of flight {unknown}


   Skills:
 + Level 2.2 Fighting
 + Level 4.2 Short Blades
 + Level 5.0 Dodging
 + Level 6.5 Stealth
 + Level 5.0 Spellcasting
 + Level 0.3 Hexes
 + Level 6.1 Summonings


You had 8 spell levels left.
You knew the following spells:

 Your Spells              Type           Power      Damage    Failure   Level
a - Summon Small Mammal   Summ           100%       N/A       1%          1
b - Call Imp              Summ           26%        N/A       1%          2
c - Call Canine Familiar  Summ           26%        N/A       3%          3
d - Summon Guardian Gole  Hex/Summ       16%        N/A       11%         3

Your spell library contained the following spells:

 Spells                   Type           Power      Damage    Failure   Level
 Ensorcelled Hibernation  Hex/Ice        10%        N/A       19%         2
 Passwall                 Tmut/Erth      3%         N/A       21%         2
 Inner Flame              Hex/Fire       5%         N/A       36%         3
 Kindle Blastsparks       Fire/Tloc/Air  8%         2d10      36%         3
 Swiftness                Air            4%         N/A       36%         3
 Summon Lightning Spire   Summ/Air       15%        N/A       36%         4
 Cause Fear               Hex            2%         N/A       75%         4
 Fulminant Prism          Conj/Hex       2%         3d6       77%         4
 Iskenderun's Mystic Bla  Conj/Tloc      4%         2d3       78%         4
 Lee's Rapid Deconstruct  Erth           2%         3d5*      98%         5
 Discord                  Hex            2%         N/A       100%        8


Dungeon Overview and Level Annotations

Branches:
Dungeon (6/15)
 Temple: D:4-7

Altars:
Ashenzari
Fedhas

Shops:
D:4 [


Innate Abilities, Weirdness & Mutations

You are small and have problems with some larger weapons.
You are completely attuned to the shadows.


Message History

The centaur kicks you but does no damage.
You hit the centaur.
The centaur is heavily wounded.
The centaur barely misses you. The centaur kicks you.
The centaur hits you but does no damage.
The centaur kicks you but does no damage.
You puncture the centaur!
The centaur is almost dead.
The centaur hits you. The centaur barely misses you.
You barely miss the centaur.
The centaur is almost dead.
The centaur hits you.
The centaur kicks you but does no damage.
You hit the centaur but do no damage.
The centaur is almost dead.
The centaur hits you but does no damage.
The centaur kicks you.
You puncture the centaur!
You kill the centaur!
Your Dodging skill increases to level 5!
Your Spellcasting skill increases to level 5!
No target in view!
Things that are here:
a +0 shortbow; a centaur corpse Done exploring.
Done exploring.
Done exploring.
There is a stone staircase leading down here.
You fly downwards.
There is a stone staircase leading up here.
You now have 179 gold pieces (gained 21).
A two-headed ogre comes into view.
It is wielding a +0 giant club and a +0 dire flail.
You float gracefully downwards.
i - a +0 dagger (weapon)
The two-headed ogre shouts in stereo!
The two-headed ogre hits you with a +0 giant club!!
Ouch! That really hurt!
A hell rat scurries out from under your cloak.
The two-headed ogre hits you with a +0 dire flail!
You die...

#..###. #......
.###.##..
........#
.##..#### #......
#.##### #######
#.# ..rO@.# #.#
...##.####### #.#
##...=......###.#
####.#####.....#
#.# ####### ..#
###


You could see a two-headed ogre (ally target) and a friendly hell rat.

Vanquished Creatures
  A centaur (D:5)
  2 scorpions (D:4)
  A howler monkey (D:4)
  An orc priest (D:5)
  Terence (D:3)
  An iguana (D:5)
  An orc wizard (D:5)
  3 adders
  10 river rats (D:5)
  A shadow imp (D:5)
  An ufetubus (D:4)
  4 dart slugs
  7 orcs
  An endoplasm (D:2)
  A giant cockroach (D:2)
  4 goblins
  7 hobgoblins
  4 kobolds
  2 quokkas
  A ball python (D:3)
  5 bats
  3 frilled lizards
  5 rats
67 creatures vanquished.

Vanquished Creatures (collateral kills)
  A black bear (D:4)
  An ogre (D:3)
  A scorpion (D:5)
  A jelly (D:4)
  An iguana (D:4)
  A hell rat (D:5)
  An orc wizard (D:4)
  4 gnolls (D:5)
  6 river rats (D:5)
  A white imp (D:5)
  An ufetubus (D:4)
  3 worms (D:3)
  A dart slug (D:1)
  12 orcs
  2 ball pythons
  4 bats
  2 giant cockroaches
  2 goblins
  3 hobgoblins
  4 jackals (D:1)
  4 kobolds
  3 rats
59 creatures vanquished.

Vanquished Creatures (others)
  A gnoll sergeant (D:5)
  2 river rats (D:5)
3 creatures vanquished.

Grand Total: 129 creatures vanquished

Notes
Turn   | Place    | Note
-------+----------+-------------------------------------------
     0 | D:1      | LnG the Kobold Summoner began the quest for the Orb.
     0 | D:1      | Reached XP level 1. HP: 10/10 MP: 3/3
   261 | D:1      | Reached XP level 2. HP: 15/15 MP: 1/5
   264 | D:1      | Learned a level 2 spell: Call Imp
   744 | D:1      | Reached XP level 3. HP: 19/19 MP: 6/6
   748 | D:1      | Learned a level 3 spell: Call Canine Familiar
  1713 | D:2      | Reached XP level 4. HP: 22/24 MP: 8/8
  2168 | D:3      | Noticed Terence
  2180 | D:3      | Killed Terence
  2181 | D:3      | Reached skill level 1 in Short Blades
  2243 | D:3      | Reached XP level 5. HP: 25/28 MP: 9/9
  2247 | D:3      | Learned a level 3 spell: Summon Guardian Golem
  2286 | D:3      | Found a broken altar of Ashenzari.
  2291 | D:3      | Found a faded altar of an unknown god.
  2386 | D:3      | Noticed an ogre
  2406 | D:3      | Killed an ogre
  2407 | D:3      | Reached skill level 5 in Summonings
  2407 | D:3      | Reached XP level 6. HP: 33/33 MP: 10/10
  3054 | D:4      | Noticed a black bear
  3058 | D:4      | Killed a black bear
  3059 | D:4      | Reached skill level 1 in Fighting
  3059 | D:4      | Reached skill level 5 in Stealth
  3104 | D:4      | Reached XP level 7. HP: 38/38 MP: 12/12
  3328 | D:4      | Found Gued's Antique Armour Boutique.
  3335 | D:4      | Bought a helmet for 90 gold pieces
  4178 | D:4      | Found a blossoming altar of Fedhas.
  4255 | D:5      | Entered Level 5 of the Dungeon
  4803 | D:5      | Reached XP level 8. HP: 33/44 MP: 10/14
  6196 | D:5      | Found the +2 ratskin cloak {*Rats rPois rN+ Str-1 Int-1
                  | Dex+1}
  6526 | D:5      | Identified the +8 spear of Chaos {speed, Fly rElec}
  6697 | D:5      | Reached skill level 5 in Dodging
  6697 | D:5      | Reached skill level 5 in Spellcasting
  6771 | D:6      | Noticed a two-headed ogre
  6775 | D:6      | Slain by a two-headed ogre

Illustrated notes

Levels and vault maps discovered:
D:1:      dpeg_arrival_short_road, layout_loops_corners, kennysheep_boxes
D:2:      layout_loops_cross, minmay_tall_x
D:3:      layout_rooms, mainiacjoe_overflow_24_doors, basic_ecumenical_altar,
          hangedman_abyss_or_decor_stabs, uniq_terence
D:4:      layout_loops_corners, mainiacjoe_overflow_alcove_2, serial_shops, shop
D:5:      wander_guarded_unrand_ratskin, layout_layer_cave, enter_ossuary_5
D:6:      layout_loops_cross, grunt_decor_one_mirror

Skill      XL: |  1  2  3  4  5  6  7  8 |
---------------+-------------------------+-----
Stealth        | 3 4 5 6 |  6.5
Short Blades   | 1 2 3 4 |  4.2
Spellcasting   | 3 4 5 |  5.0
Dodging        | 3 4 5 |  5.0
Summonings     | 5 6 |  6.1
Fighting       | 1 2 |  2.2
Hexes          | |  0.3

Action                   |  1- 3 |  4- 6 |  7- 9 || total
-------------------------+-------+-------+-------++-------
Melee: Club              |     6 |       |       ||     6
       Unarmed           |     1 |       |       ||     1
       Short sword       |     7 |       |       ||     7
       Dagger            |    44 |   115 |   238 ||   397
       Punch             |       |       |     3 ||     3
       Spear             |       |       |     7 ||     7
 Cast: Summon Small Mamm |     9 |     2 |    10 ||    21
       Call Imp          |     3 |     4 |     7 ||    14
       Call Canine Famil |     3 |     5 |    25 ||    33
       Summon Guardian G |       |       |     6 ||     6
  Use: Scroll            |       |     6 |     2 ||     8
 Stab: Distracted        |     1 |     1 |     1 ||     3
       Sleeping          |    12 |    11 |    14 ||    37
Armor: Robe              |     8 |    26 |    33 ||    67
Dodge: Dodged            |    38 |   102 |   141 ||   281

Table legend: (Time is in decaauts)
 A = Elapsed time spent in this place.
 B = Non-inter-level travel time spent in this place.
 C = Inter-level travel time spent in this place.
 D = Time resting spent in this place.
 E = Time spent auto-exploring this place.
 F = Levels seen in this place.
 G = Mean time per level.
                   A        B        C        D        E       F      G
               +--------+--------+--------+--------+--------+-----+--------+
         Total |   6718 |   6510 |    208 |    447 |   4828 |   6 | 1119.7 |
       Dungeon |   6718 |   6510 |    208 |    447 |   4828 |   6 | 1119.7 |
               +--------+--------+--------+--------+--------+-----+--------+

Top non-repeatable levels by time:
     D:5: 2448 daAuts
     D:4: 1382 daAuts
     D:1: 1353 daAuts
     D:2: 782 daAuts
     D:3: 722 daAuts
     D:6: 29 daAuts
